 Dungeon Crawl Stone Soup version 0.27.1-35-g4d5d836560 (console) character file.

Game seed: 3197019760897998477

1933 grimtooth the Basher (level 8, -4/103 HPs)
             Began as a Palentonga Abyssal Knight on June 7, 2022.
             Was an Elder of Lugonu.
             Slain by Grum (9 damage)
             ... on level 9 of the Dungeon.
             The game lasted 00:36:43 (7887 turns).

grimtooth the Basher (Palentonga Abyssal Knight)    Turns: 7887, Time: 00:36:44

Health: -4/103     AC: 12    Str: 17    XL:     8   Next: 97%
Magic:  11/12      EV:  8    Int: 14    God:    Lugonu [****..]
Gold:   197        SH:  5    Dex:  9    Spells: 7/7 levels left

rFire    . . .     SeeInvis +   a - +1 mace
rCold    . . .     Faith    .   (no shield)
rNeg     . . .     Spirit   .   l - +0 ring mail
rPois    .         Reflect  +   (no helmet)
rElec    .         Harm     .   (no cloak)
rCorr    .         Rampage  .   (no gloves)
Will     .....                  (no barding)
Stlth    ..........             C - amulet of reflection
HPRegen  0.27/turn              (no ring)
MPRegen  0.13/turn              (no ring)

@: berserking (expiring), curled up, very quick
A: large, rugged brown scales 3, see invisible, deformed body, roll 1, armoured
tail, reflexive curl
a: Rolling Charge, Renounce Religion, Depart the Abyss, Bend Space, Banish,
Corrupt


You were on level 9 of the Dungeon.
You worshipped Lugonu.
Lugonu was greatly pleased with you.
You visited 1 branch of the dungeon, and saw 7 of its levels.
You visited the Abyss 1 time.
You also visited: Ossuary.

You collected 197 gold pieces.

Inventory:

Hand Weapons
 a - a +1 mace (weapon)
 b - a +1 flail of holy wrath
 j - a +0 hunting sling
Missiles
 c - 53 stones
 o - 7 javelins
 r - 26 poisoned darts (quivered)
 y - 11 boomerangs
 H - a throwing net {=f}
Armour
 l - a +0 ring mail (worn)
 t - a +0 leather armour
 A - a +0 buckler
Jewellery
 d - a ring of fire
 C - an amulet of reflection (around neck)
Wands
 h - a wand of flame (21)
 G - a wand of iceblast (3)
 I - a wand of charming (5)
Scrolls
 f - a scroll of enchant weapon {unknown}
 g - 5 scrolls of teleportation
 i - 2 scrolls of enchant armour {unknown}
 p - a scroll of torment {unknown}
 s - a scroll of immolation {unknown}
 v - 3 scrolls of amnesia {unknown}
 w - 2 scrolls of noise
 B - a scroll of vulnerability {unknown}
 F - 2 scrolls of magic mapping {unknown}
Potions
 e - a potion of attraction {unknown}
 k - a potion of invisibility
 n - 2 potions of lignification
 q - a potion of flight
 u - 2 potions of magic {unknown}
 x - 2 potions of might {unknown}
 z - a potion of heal wounds {unknown}
 D - a potion of mutation {unknown}
 E - a potion of haste
 J - a potion of degeneration {unknown}


   Skills:
 + Level 6.6 Fighting
 - Level 9.0 Maces & Flails
 - Level 1.5 Armour
 - Level 0.7 Dodging
 + Level 5.8 Invocations


You had 7 spell levels left.
You didn't know any spells.
Your spell library contained the following spells:

 Spells                   Type           Power      Damage    Failure   Level
 Shock                    Conj/Air       0%         1d3       45%         1
 Ensorcelled Hibernation  Hex/Ice        0%         N/A       61%         2
 Passwall                 Tmut/Erth      0%         N/A       61%         2
 Spider Form              Tmut/Pois      0%         N/A       83%         3
 Swiftness                Air            0%         N/A       83%         3
 Airstrike                Air            0%         N/A       99%         4
 Invisibility             Hex            0%         N/A       100%        6
 Shadow Creatures         Summ           N/A        N/A       100%        6


Dungeon Overview and Level Annotations

Branches:
Dungeon (9/15)            Ossuary (visited)
 Temple: D:4-7         Lair: D:8-11         Orc: D:9-12

Altars:
Gozag
Makhleb
Qazlal
Trog
Lugonu

Portals:
Abyss: D:4

Annotations:
D:2 Sigmund
D:9 Grum


Innate Abilities, Weirdness & Mutations

You are completely covered in rugged brown scales. (AC +3, +7% HP)
You have supernaturally acute eyesight. (SInv)
Armour fits poorly on your strangely shaped body.
You can roll at nearby foes to attack.
You have a long armoured tail.
You curl defensively after being hit.


Message History

The wolf closely misses you. The wolf bites you.
You miss the wolf.
Your tail-slap misses the wolf.
The wolf is severely wounded.
The wolf barely misses you.
Grum hits you from afar with a -1 spear.
The wolf closely misses you.
You thump the wolf!
Your tail-slap misses the wolf.
The wolf is almost dead.
The wolf bites you! The wolf bites you. Grum hits you but does no damage.
You hit the wolf.
You kill the wolf!
Lugonu accepts your kill. The wolf bites you.
Grum hits you from afar with a -1 spear!
The wolf barely misses you.
You sock the wolf!
Your tail-slap misses the wolf.
The wolf is moderately wounded.
You bludgeon the wolf!!
You kill the wolf!
Lugonu accepts your kill.
Grum hits you from afar with a -1 spear!
* * * LOW HITPOINT WARNING * * *
You bludgeon the wolf!!
The wolf is almost dead.
The wolf bites you.
* * * LOW HITPOINT WARNING * * *
You hit the wolf.
You kill the wolf!
Lugonu accepts your kill. Grum barely misses you.
You see here a wolf corpse.
You sock Grum!
Grum is moderately wounded.
Grum shouts, "Spike!
Good boy!"
Grum hits you with a -1 spear!
* * * LOW HITPOINT WARNING * * *
You thump Grum!
Grum is severely wounded.
Grum hits you with a -1 spear!
You die...

#.......# +.......#
#.......# #####'###
#....# # ####'######## #.
#............ ####.##
####............
h.....<###..+..l.........
.g.!...#...##............
.......#@####............
.......g.# #............
.......### #....$.......
....... #............
####### #############


You could see Grum (resistant).

Vanquished Creatures
  Eustachio (D:6)
  A water moccasin (D:5)
  2 black bears (D:5)
  A sky beast (D:5)
  3 wolves (D:9)
  A necrophage (D:4)
  4 elf zombies
  A scorpion (D:5)
  An elf skeleton (D:4)
  4 killer bees (D:9)
  A centaur zombie (Ossuary)
  A hound (D:4)
  An orc priest (D:5)
  2 human zombies (Ossuary)
  A human skeleton (D:4)
  A scorpion zombie (D:5)
  An iguana (D:5)
  An orc wizard (D:5)
  2 hound skeletons
  2 mummies (Ossuary)
  3 gnolls (D:3)
  4 adders
  A white imp (D:5)
  An adder skeleton (D:4)
  An adder zombie (Ossuary)
  6 dart slugs
  5 orcs
  5 bats
  8 endoplasms
  4 giant cockroaches
  13 goblins
  7 hobgoblins
  3 quokkas
  11 ball pythons
  3 frilled lizards
  A goblin zombie (Ossuary)
  6 hobgoblin zombies (Ossuary)
  A jackal zombie (Ossuary)
  7 kobolds
  11 kobold zombies (Ossuary)
  3 orc skeletons (D:4)
  10 orc zombies (Ossuary)
  8 rats
  A rat zombie (Ossuary)
  2 lurking horrors (D:4)
157 creatures vanquished.

Vanquished Creatures (others)
  An orange demon (Abyss:1)
  A lurking horror (D:4)
  12 toadstools (D:2)
14 creatures vanquished.

Grand Total: 171 creatures vanquished

Notes
Turn   | Place    | Note
-------+----------+-------------------------------------------
     0 | Abyss:1  | grimtooth the Palentonga Abyssal Knight began the quest for
                  | the Orb.
     0 | Abyss:1  | Reached XP level 1. HP: 19/19 MP: 2/2
    44 | Abyss:1  | Noticed a smoke demon
    45 | Abyss:1  | Noticed a rakshasa
    68 | Abyss:1  | Noticed an efreet
    78 | Abyss:1  | Killed an orange demon
    82 | Abyss:1  | Noticed a kobold demonologist
    84 | D:1      | Escaped the Abyss
   322 | D:1      | Reached XP level 2. HP: 7/25 MP: 3/3
   727 | D:1      | Reached * piety under Lugonu
  1272 | D:2      | Noticed Sigmund
  1339 | D:2      | Reached XP level 3. HP: 25/31 MP: 4/4
  1436 | D:2      | Reached skill level 3 in Maces & Flails
  1740 | D:3      | Found a faded altar of an unknown god.
  2141 | D:3      | Reached XP level 4. HP: 24/39 MP: 5/5
  2341 | D:2      | Reached ** piety under Lugonu
  3418 | D:4      | Reached skill level 4 in Maces & Flails
  3418 | D:4      | Reached XP level 5. HP: 40/46 MP: 6/6
  3464 | D:4      | Found a sand-covered staircase.
  3477 | D:4      | Reached skill level 5 in Fighting
  3480 | Ossuary  | Entered an ossuary
  3562 | Ossuary  | Reached XP level 6. HP: 48/54 MP: 7/7
  3600 | Ossuary  | Reached skill level 5 in Maces & Flails
  3614 | Ossuary  | Reached *** piety under Lugonu
  3823 | Ossuary  | Gained mutation: You curl defensively after being hit.
                  | [Palentonga growth]
  3823 | Ossuary  | Reached XP level 7. HP: 32/59 MP: 8/8
  3834 | Ossuary  | Reached skill level 6 in Maces & Flails
  4328 | D:4      | Found a corrupted altar of Lugonu.
  4463 | D:4      | Found a one-way gate to the infinite horrors of the Abyss.
  5537 | D:4      | Reached skill level 7 in Maces & Flails
  5733 | D:5      | Entered Level 5 of the Dungeon
  5826 | D:5      | Reached XP level 8. HP: 55/68 MP: 8/10
  6178 | D:5      | Reached skill level 8 in Maces & Flails
  6332 | D:5      | HP: 4/102 [orc (3)]
  6721 | D:5      | Found a bloodstained altar of Trog.
  6721 | D:5      | Found a burning altar of Makhleb.
  6722 | D:5      | Found an opulent altar of Gozag.
  6724 | D:5      | Found a stormy altar of Qazlal.
  7261 | D:6      | Noticed Eustachio
  7272 | D:6      | Killed Eustachio
  7272 | D:6      | Reached **** piety under Lugonu
  7369 | D:6      | You fall into a shaft and drop 3 floors!
  7370 | D:9      | - un cool
  7375 | D:9      | Reached skill level 9 in Maces & Flails
  7378 | D:9      | Reached skill level 5 in Invocations
  7866 | D:9      | Noticed Grum
  7886 | D:9      | HP: 5/103 [Grum (14)]
  7887 | D:9      | Slain by Grum

Illustrated notes

###########
##..........
...........
#...y......
#......../.
#.y..y.....
#y.@.......
#..........
###+#######


Turn 7370 on D:9: - un cool

Levels and vault maps discovered:
D:1:      sevenhm_arrival_forest_fort_small_4, layout_basic,
          grunt_decor_arrowhead
D:2:      cheibrodos_fertilizer, layout_loops_cross,
          minmay_misc_feat_secret_circle, uniq_sigmund
D:3:      layout_loops_corners, basic_ecumenical_altar, minmay_crystal_water,
          minmay_pentangle
D:4:      layout_loops_ring, nicolae_ossuary_entry_catacombs,
          amcnicky_altar_lugonu_corruption
D:5:      layout_loops_cross, chequers_temple_overflow_statue_of_worship
D:6:      layout_rooms, temple_hall, biasface_ghost_orc_armoury,
          kennysheep_decorative_pillar, uniq_eustachio
D:9:      layout_roguey, uniq_grum, uniq_harold

Skill      XL: |  1  2  3  4  5  6  7  8 |
---------------+-------------------------+-----
Maces & Flails | 3 4 5 7 9 |  9.0
Fighting       | 4 5 6 |  6.6
Invocations    | 3 5 |  5.8
Armour         | |  1.5
Dodging        | |  0.7

Action                   |  1- 3 |  4- 6 |  7- 9 || total
-------------------------+-------+-------+-------++-------
Melee: Mace              |   117 |    82 |   141 ||   340
       Tailslap          |     3 |    24 |    18 ||    45
       Flail             |       |   103 |    82 ||   185
 Fire: Hunting sling     |     2 |       |       ||     2
Throw: Stone             |     4 |       |       ||     4
       Javelin           |       |     1 |       ||     1
       Dart              |       |       |    25 ||    25
Invok: Depart the Abyss  |     1 |       |       ||     1
       Bend Space        |       |     1 |    12 ||    13
 Abil: Rolling Charge    |    36 |    10 |    27 ||    73
Evoke: Wand              |       |       |     7 ||     7
  Use: Scroll            |       |       |     6 ||     6
       Potion            |       |       |     3 ||     3
Armor: Leather armour    |    37 |       |       ||    37
       Ring mail         |     3 |    88 |    70 ||   161
       Skin              |     1 |       |    13 ||    14
Dodge: Dodged            |    51 |    69 |    68 ||   188
Block: Other             |       |       |    23 ||    23
       Reflection        |       |       |     2 ||     2
